 Dungeon Crawl Stone Soup version 0.30.1-11-g7821555f0a (webtiles) character file.

Game seed: 4669857435563537699

385 lonewolfV2 the Fighter (level 6, -10/62 HPs)
             Began as a Minotaur Fighter on Nov 14, 2023.
             Was a Follower of Fedhas.
             Mangled by Pikel
             ... wielding a +1 whip of electrocution
              (20 damage)
             ... on level 5 of the Dungeon.
             The game lasted 00:04:56 (2987 turns).

lonewolfV2 the Fighter (Minotaur Fighter)           Turns: 2987, Time: 00:04:57

Health: -10/62     AC: 11    Str: 21    XL:     6   Next: 48%
Magic:  5/5        EV:  9    Int:  9    God:    Fedhas [*.....]
Gold:   186        SH:  4    Dex: 11    Spells: 5/5 levels left

rFire   . . .        a - +0 war axe
rCold   x . .        c - +0 buckler
rNeg    . . .        b - +0 scale mail
rPois   .            (helmet restricted)
rElec   .            f - +1 cloak of Poibb {Rampage rC- Int+4}
rCorr   .            n - +1 pair of gloves
SInv    .            (no boots)
Will    .....        (no amulet) Stlth
                     (no ring)
HPRegen 0.30/turn    (no ring)
MPRegen 0.09/turn

%: rampage
@: no status effects
A: horns 2, retaliatory headbutt
a: Renounce Religion


You were on level 5 of the Dungeon.
You worshipped Fedhas.
Fedhas was aware of your devotion.
You visited 1 branch of the dungeon, and saw 5 of its levels.

You collected 186 gold pieces.

Inventory:

Hand Weapons
 a - a +0 war axe (weapon)
Armour
 b - a +0 scale mail (worn)
 c - a +0 buckler (worn)
 f - the +1 cloak of Poibb (worn) {Rampage rC- Int+4}
   (You found it on level 2 of the Dungeon)

   Int:       It affects your intelligence (+4).
   rC:        It makes you vulnerable to cold.
   Rampage:   It bestows one free step when moving towards enemies.
 n - a +1 pair of gloves (worn)
Wands
 o - a wand of polymorph (12)
Scrolls
 g - a scroll of enchant weapon {unknown}
 h - a scroll of teleportation
 l - a scroll of blinking {unknown}
Potions
 d - a potion of might
 e - 4 potions of curing
 i - a potion of cancellation
 j - a potion of ambrosia
 k - a potion of attraction {unknown}
 m - a potion of flight


   Skills:
 * Level 8.9 Fighting
 - Level 2.4 Axes
 - Level 3.6 Armour
 - Level 3.6 Shields


You had 5 spell levels left.
You didn't know any spells.
Your spell library contained the following spells:

 Spells                   Type           Power      Damage    Failure   Level
 Summon Small Mammal      Summ           0%         N/A       80%         1
 Ensorcelled Hibernation  Hex/Ice        0%         N/A       90%         2
 Passwall                 Tmut/Erth      0%         N/A       90%         2
 Call Canine Familiar     Summ           0%         N/A       99%         3
 Summon Guardian Golem    Hex/Summ       0%         N/A       99%         3
 Swiftness                Air            0%         N/A       99%         3


Dungeon Overview and Level Annotations

Branches:
Dungeon (5/15)
 Temple: D:4-7

Altars:
Cheibriados
Fedhas
Uskayaw

Annotations:
D:5 1 transporter, Pikel


Innate Abilities, Weirdness & Mutations

You have a pair of horns on your head.
You reflexively headbutt those who attack you in melee.


Message History

You furiously retaliate!
You headbutt the lemure!
You kill the lemure!
That felt strangely unrewarding.
The lemure completely misses you.
Pikel hits you with a +1 whip of electrocution.
You block the lemure's attack. The lemure barely misses you.
The lemure hits you.
* * * LOW HITPOINT WARNING * * *
The lemure hits you but does no damage. The lemure barely misses you.
You furiously retaliate!
You headbutt the lemure. You block Pikel's attack.
You barely miss Pikel. You headbutt Pikel.
Pikel is heavily wounded.
You hit the lemure. You closely miss the lemure.
You hit the lemure but do no damage. You block Pikel's attack.
The lemure misses you. The lemure hits you but does no damage.
You block the lemure's attack.
You closely miss Pikel. You headbutt Pikel.
Pikel is severely wounded.
You closely miss the lemure. You barely miss the lemure.
You closely miss the lemure. The lemure hits you.
* * * LOW HITPOINT WARNING * * *
Pikel hits you but does no damage. The lemure barely misses you. x4
The lemure hits you.
* * * LOW HITPOINT WARNING * * *
Pikel barely misses you. You furiously retaliate!
You headbutt Pikel. You hit Pikel but do no damage.
Pikel is severely wounded.
You miss the lemure. You hit the lemure. You closely miss the lemure.
Pikel barely misses you. You furiously retaliate!
You headbutt Pikel!
The lemure barely misses you. x2; The lemure hits you but does no damage.
You barely miss Pikel.
Pikel is almost dead.
You hit the lemure.
You slash the lemure! x2; The lemure closely misses you.
You block Pikel's attack. The lemure barely misses you.
The lemure hits you but does no damage. You block the lemure's attack.
The lemure hits you but does no damage.
Pikel hits you with a +1 whip of electrocution.
* * * LOW HITPOINT WARNING * * *
You are electrocuted!!
You die...
Fedhas appreciates your contribution to the ecosystem.

#############
#...........#
##...........#
.......>.?...# .......#
#.....K5....#
.......##.#.....@5....#
.......##.#....5......#
.......##.######.######
.......##.# #.#######
.....[..#.# ###........
........#.####...#######
........#...............
...............#########
........########


You could see Pikel and 3 lemures.

Vanquished Creatures
  An ice beast (D:5)
  A lemure (D:5)
  A scorpion (D:3)
  An orc wizard (D:4)
  Robin (D:3)
  5 gnolls
  An adder (D:3)
  A white imp (D:4)
  4 worms
  3 dart slugs
  6 orcs (D:4)
  13 endoplasms
  3 giant cockroaches
  16 goblins
  10 hobgoblins
  4 jackals (D:1)
  7 quokkas
  5 ball pythons
  4 bats
  11 frilled lizards
  4 kobolds
  4 rats
106 creatures vanquished.

Vanquished Creatures (others)
  An orc (D:4)
1 creature vanquished.

Grand Total: 107 creatures vanquished

Notes
Turn   | Place    | Note
-------+----------+-------------------------------------------
     0 | D:1      | lonewolfV2 the Minotaur Fighter began the quest for the
                  | Orb.
     0 | D:1      | Reached XP level 1. HP: 19/19 MP: 0/0
    52 | D:1      | You fall into a shaft and drop 1 floor!
    67 | D:2      | Reached skill level 4 in Fighting
   130 | D:1      | Reached XP level 2. HP: 28/28 MP: 1/1
   338 | D:1      | Reached skill level 5 in Fighting
   382 | D:1      | Reached XP level 3. HP: 36/36 MP: 2/2
   701 | D:2      | Identified the +1 cloak of Poibb {Rampage rC- Int+4}
   877 | D:2      | Reached XP level 4. HP: 44/44 MP: 3/3
   880 | D:2      | Reached skill level 6 in Fighting
  1568 | D:3      | Noticed Robin
  1573 | D:3      | Killed Robin
  1579 | D:3      | Reached XP level 5. HP: 44/51 MP: 4/4
  1581 | D:3      | Reached skill level 7 in Fighting
  1800 | D:3      | Found a blossoming altar of Fedhas.
  1819 | D:3      | Became a worshipper of Fedhas Madash
  2305 | D:4      | Reached skill level 8 in Fighting
  2331 | D:4      | Found a snail-covered altar of Cheibriados.
  2359 | D:4      | Reached XP level 6. HP: 55/61 MP: 5/5
  2404 | D:4      | Identified the +3 ring mail "Ymuozxyn" {Rampage rElec rF++
                  | Regen+ Int-5}
  2491 | D:4      | Found a hide-covered altar of Uskayaw.
  2539 | D:4      | Reached * piety under Fedhas
  2864 | D:5      | Entered Level 5 of the Dungeon
  2864 | D:5      | Noticed an ice beast
  2874 | D:5      | Killed an ice beast
  2952 | D:5      | Found a transporter.
  2976 | D:5      | Noticed Pikel
  2987 | D:5      | Mangled by Pikel

Illustrated notes

Levels and vault maps discovered:
D:1:      minmay_arrival_three_doors, layout_rooms
D:2:      layout_loops_ring, minmay_misc_feat_iff, grunt_decor_resistance,
          grunt_ministairs_10
D:3:      layout_basic, fedhas_altar_1, amcnicky_mini_pool_small,
          minmay_lizard_king, uniq_robin
D:4:      layout_basic, nicolae_uskayaw_murder_on_the_dancefloor, slow_altar_1
D:5:      gammafunk_cloud_chamber, layout_basic, nicolae_overflow_crystal_walls,
          serial_glass, glass_columns_a, glass_columns_a, uniq_pikel,
          uniq_blork_the_orc, uniq_eustachio

Skill      XL: |  1  2  3  4  5 |
---------------+----------------+-----
Fighting       | 4 5 6 8 |  8.9
Axes           | |  2.4
Armour         | |  3.6
Shields        | |  3.6

Action                     |  1- 3 |  4- 6 || total
---------------------------+-------+-------++-------
  Melee: War axe           |    83 |   110 ||   193
         Headbutt          |    13 |    17 ||    30
    Use: Scroll            |     4 |     9 ||    13
 Armour: Scale mail        |    41 |    77 ||   118
  Dodge: Dodged            |    44 |    77 ||   121
  Block: Buckler           |    28 |    34 ||    62
